 Dungeon Crawl Stone Soup version 0.28-a0-1638-g9123634e07 (webtiles) character file.

Game seed: 2872150168205471889

1524 croobank the Firebug (level 8, 0/88 HPs)
             Began as a Gnoll Fire Elementalist on Jan 25, 2022.
             Was a Follower of Vehumet.
             Slain by a wight (7 damage)
             ... on level 6 of the Dungeon.
             The game lasted 00:27:30 (5302 turns).

croobank the Firebug (Gnoll Fire Elementalist)      Turns: 5302, Time: 00:27:32

Health: 0/88       AC: 24    Str:  7    XL:     8   Next: 84%
Magic:  1/17       EV:  2    Int: 20    God:    Vehumet [*.....]
Gold:   232        SH:  0    Dex: 12    Spells: 6/19 levels left

rFire   . . .      SeeInvis .   a - +5 scythe (venom)
rCold   . . .      Faith    .   (shield currently unavailable)
rNeg    . . .      Spirit   .   (armour currently unavailable)
rPois   +          Reflect  .   (helmet currently unavailable)
rElec   .          Harm     .   (cloak currently unavailable)
rCorr   .          Rampage  .   (gloves currently unavailable)
Will    .....      NoTele   +   (boots currently unavailable)
Stlth   +++.......              k - amulet of regeneration
HPRegen 1.04/turn               (no ring)
MPRegen 0.15/turn               (no ring)

@: tree-form
A: stationary, stasis, torment immunity, boosted hp, (fangs 1), strong nose,
distributed training, (talons 1), clever 1
a: Renounce Religion


You were on level 6 of the Dungeon.
You worshipped Vehumet.
Vehumet was aware of your devotion.
You were a tree.
You visited 1 branch of the dungeon, and saw 6 of its levels.

You collected 232 gold pieces.

Inventory:

Hand Weapons
 a - a +5 scythe of venom (weapon)
 b - a +2 hand crossbow of freezing
 m - a +0 hand axe
 p - a +4 dagger of protection
 s - a +0 vorpal war axe
 z - a +0 flail of protection
Missiles
 h - 83 stones
 n - 33 arrows
 o - 68 bolts
Armour
 c - a +0 pair of gloves (melded)
 e - a +0 helmet
 i - a +2 hat (melded)
 w - the +2 ring mail of Aduvu (melded) {Regen+ Dex+3}
   (You found it on level 3 of the Dungeon)

   Dex:       It affects your dexterity (+3).
   Regen:     It increases your rate of health regeneration.
 A - a +0 chain mail
 B - a +2 leather armour of fire resistance
Magical Staves
 d - a staff of cold
Jewellery
 k - an amulet of regeneration (around neck)
 t - a ring of flight
 u - a ring of poison resistance
Wands
 f - a wand of digging (4)
 l - a wand of iceblast (14)
 y - a wand of polymorph (8)
Scrolls
 q - a scroll of fog
 v - a scroll of immolation
Potions
 r - a potion of brilliance


   Skills:
 + Level 3.6 Fighting
 + Level 3.6 Short Blades
 + Level 3.6 Long Blades
 + Level 3.6 Axes
 + Level 3.6 Maces & Flails
 + Level 3.6 Polearms
 + Level 3.6 Staves
 + Level 3.6 Slings
 + Level 3.6 Bows
 + Level 3.6 Crossbows
 + Level 3.6 Throwing
 + Level 3.6 Armour
 + Level 5.9 Dodging
 + Level 5.6 Stealth
 + Level 3.6 Shields
 + Level 3.6 Unarmed Combat
 + Level 6.2 Spellcasting
 + Level 3.7 Conjurations
 + Level 3.0 Hexes
 + Level 3.0 Summonings
 + Level 3.0 Necromancy
 + Level 3.0 Translocations
 + Level 3.0 Transmutations
 + Level 6.2 Fire Magic
 + Level 3.0 Ice Magic
 + Level 3.0 Air Magic
 + Level 3.0 Earth Magic
 + Level 3.0 Poison Magic
 + Level 4.0 Invocations
 + Level 3.6 Evocations


You had 6 spell levels left.
You knew the following spells:

 Your Spells              Type           Power      Damage    Failure   Level
a - Foxfire               Conj/Fire      100%       2x1d9     1%          1
b - Scorch                Fire           62%        2d8       1%          2
c - Ensorcelled Hibernat  Hex/Ice        36%        N/A       4%          2
d - Swiftness             Air            18%        N/A       9%          3
e - Flame Wave            Conj/Fire      26%        2d7       13%         4
f - Sandblast             Erth           36%        2d10      3%          1

Your spell library contained the following spells:

 Spells                   Type           Power      Damage    Failure   Level
 Corpse Rot               Necr/Air       36%        N/A       4%          2
 Passwall                 Tmut/Erth      15%        N/A       4%          2
 Conjure Flame            Conj/Fire      26%        6-21      4%          3
 Inner Flame              Hex/Fire       24%        N/A       4%          3
 Cause Fear               Hex            9%         N/A       30%         4
 Dispel Undead            Necr           18%        3d11      30%         4
 Freezing Cloud           Conj/Ice/Air   9%         6-21      58%         5
 Starburst                Conj/Fire      13%        6d5       90%         6
 Death Channel            Necr           9%         N/A       99%         6
 Discord                  Hex            9%         N/A       100%        8
 Fire Storm               Conj/Fire      13%        8d3       100%        9


Dungeon Overview and Level Annotations

Branches:
Dungeon (6/15)
 Temple: D:4-7

Altars:
Nemelex Xobeh
Qazlal
Uskayaw
Vehumet
Zin

Shops:
D:4 [

Annotations:
D:3 1 runed translucent door, Crazy Yiuf


Innate Abilities, Weirdness & Mutations

You are a tree.
Your roots penetrate the ground, keeping you stationary.
You cannot be teleported.
You are immune to unholy pain and torment.
Your maximum health is greatly increased.
Your equipment is partially melded.
((You have very sharp teeth.))
Your uncanny sense of smell can sniff out nearby items.
Your experience applies equally to all skills.
((You have sharp toenails.))
Your mind is acute. (Int +2)


Message History

You kill the orc warrior!
Vehumet accepts your kill.
Your life force feels restored.
You slash the ogre!
You kill the ogre!
Vehumet accepts your kill.
The wight hits you from afar with a +4 spear.
* * * LOW HITPOINT WARNING * * *
You feel drained.
The orc priest looks braver for a moment.
The wight hits you from afar with a +4 spear.
* * * LOW HITPOINT WARNING * * *
You feel drained.
* * * LOW HITPOINT WARNING * * *
Your life force feels restored.
Your Hexes skill increases to level 3!
Your Summonings skill increases to level 3!
Your Necromancy skill increases to level 3!
Your Translocations skill increases to level 3!
Your Transmutations skill increases to level 3!
Your Ice Magic skill increases to level 3!
Your Air Magic skill increases to level 3!
Your Earth Magic skill increases to level 3!
Your Poison Magic skill increases to level 3!
Your Invocations skill increases to level 4!
Okay, then.
Okay, then.
Okay, then.
Reach: a) +5 scythe (venom)
Press: ? - help, Dir - move target, f - wight
Aim: a wight, wielding a +4 spear and wearing a +0 robe (about 43% to evade your +5 scythe of venom)
You reach to attack!
You barely miss the wight. The wight hits you but does no damage.
Okay, then.
Reach: a) +5 scythe (venom)
Press: ? - help, Dir - move target, f/p - wight
Aim: a wight, wielding a +4 spear and wearing a +0 robe (about 43% to evade your +5 scythe of venom)
You reach to attack!
You closely miss the wight.
The wight hits you from afar with a +4 spear!
You die...

... #.# ∆ ...####.#
.......# #.....#
#.....# #.#...).# ∆
#.#.....#### .......
#........♣.# .......
###....###)# .......
+......#z# ....... ###
#.....##{# ....... #<#
#.....##o# ....... #.#
#.....##.##....... #.#
#.....##..)zo..#
#.#######'#.######.###
#.......#.#.# ..


You could see a wight and an orc priest.

Vanquished Creatures
  Sigmund (D:5)
  Eustachio (D:5)
  Edmund (D:5)
  A water moccasin (D:6)
  An orc warrior (D:6)
  A sky beast (D:5)
  An ice beast (D:5)
  A black bear (D:5)
  An ogre (D:6)
  A phantom (D:5)
  A wight (D:6)
  A jelly (D:6)
  An orc priest (D:5)
  A bullfrog zombie (D:5)
  2 hounds (D:5)
  A centaur skeleton (D:5)
  An orc wizard (D:6)
  A hound zombie (D:5)
  A hound skeleton (D:4)
  4 gnolls (D:4)
  9 adders
  An adder skeleton (D:3)
  A worm (D:2)
  6 orcs
  9 ball pythons
  6 endoplasms
  2 giant cockroaches
  11 goblins
  5 hobgoblins
  3 quokkas (D:2)
  5 bats
  3 frilled lizards
  10 kobolds
  5 rats (D:2)
100 creatures vanquished.

Vanquished Creatures (others)
  129 foxfires
129 creatures vanquished.

Grand Total: 229 creatures vanquished

Notes
Turn   | Place    | Note
-------+----------+-------------------------------------------
     0 | D:1      | croobank the Gnoll Fire Elementalist began the quest for
                  | the Orb.
     0 | D:1      | Reached XP level 1. HP: 13/13 MP: 6/6
     2 | D:1      | Noticed a naga
     4 | D:1      | Noticed a dwarf
     6 | D:1      | Noticed a gargoyle
     8 | D:1      | Noticed a formicid
     8 | D:1      | Noticed a ghoul
    10 | D:1      | Noticed a draconian
    12 | D:1      | Noticed an ogre
    12 | D:1      | Noticed a vine stalker
    14 | D:1      | Noticed a spriggan
    14 | D:1      | Noticed a minotaur
    16 | D:1      | Noticed a demonspawn
    16 | D:1      | Noticed a merfolk
    18 | D:1      | Noticed a demigod
    18 | D:1      | Noticed a tengu
    20 | D:1      | Noticed a human
    20 | D:1      | Noticed a troll
    22 | D:1      | Noticed an octopode
    24 | D:1      | Noticed a felid
    24 | D:1      | Noticed an elf
    26 | D:1      | Noticed a vampire
   253 | D:1      | Reached XP level 2. HP: 19/19 MP: 5/7
   345 | D:1      | Got Wityfa's Volume of Frigorific Flames
   992 | D:1      | Found a faded altar of an unknown god.
  1173 | D:2      | Reached skill level 5 in Spellcasting
  1173 | D:2      | Reached XP level 3. HP: 25/25 MP: 4/9
  1176 | D:2      | Learned a level 2 spell: Scorch
  1453 | D:2      | Reached skill level 1 in Invocations
  1479 | D:2      | Reached skill level 1 in Fighting
  1479 | D:2      | Reached skill level 1 in Short Blades
  1479 | D:2      | Reached skill level 1 in Long Blades
  1479 | D:2      | Reached skill level 1 in Axes
  1479 | D:2      | Reached skill level 1 in Maces & Flails
  1479 | D:2      | Reached skill level 1 in Polearms
  1479 | D:2      | Reached skill level 1 in Staves
  1479 | D:2      | Reached skill level 1 in Slings
  1479 | D:2      | Reached skill level 1 in Bows
  1479 | D:2      | Reached skill level 1 in Crossbows
  1479 | D:2      | Reached skill level 1 in Throwing
  1479 | D:2      | Reached skill level 1 in Armour
  1479 | D:2      | Reached skill level 1 in Shields
  1479 | D:2      | Reached skill level 1 in Unarmed Combat
  1479 | D:2      | Reached skill level 1 in Evocations
  1656 | D:2      | Reached XP level 4. HP: 32/32 MP: 8/11
  2402 | D:3      | Reached skill level 1 in Hexes
  2402 | D:3      | Reached skill level 1 in Summonings
  2402 | D:3      | Reached skill level 1 in Necromancy
  2402 | D:3      | Reached skill level 1 in Translocations
  2402 | D:3      | Reached skill level 1 in Transmutations
  2402 | D:3      | Reached skill level 1 in Ice Magic
  2402 | D:3      | Reached skill level 1 in Air Magic
  2402 | D:3      | Reached skill level 1 in Earth Magic
  2402 | D:3      | Reached skill level 1 in Poison Magic
  2438 | D:3      | Found a hide-covered altar of Uskayaw.
  2439 | D:3      | Found a glowing silver altar of Zin.
  2439 | D:3      | Found a stormy altar of Qazlal.
  2661 | D:3      | Found a radiant altar of Vehumet.
  2695 | D:3      | Became a worshipper of Vehumet
  2741 | D:3      | Reached XP level 5. HP: 37/37 MP: 3/12
  3007 | D:3      | Found a runed translucent door.
  3008 | D:3      | Noticed Crazy Yiuf
  3126 | D:4      | Learned a level 2 spell: Ensorcelled Hibernation
  3130 | D:4      | Learned a level 3 spell: Swiftness
  3135 | D:4      | Learned a level 4 spell: Flame Wave
  3312 | D:4      | Found a sparkling altar of Nemelex Xobeh.
  3393 | D:3      | Identified the +2 ring mail of Aduvu {Regen+ Dex+3}
  3482 | D:4      | Found Ballar's Antique Armour Boutique.
  4192 | D:5      | Entered Level 5 of the Dungeon
  4210 | D:5      | Reached * piety under Vehumet
  4210 | D:5      | Offered knowledge of Sandblast by Vehumet.
  4211 | D:5      | Reached XP level 6. HP: 44/44 MP: 7/13
  4213 | D:5      | Learned a level 1 spell: Sandblast
  4290 | D:5      | Noticed Eustachio
  4308 | D:5      | Killed Eustachio
  4309 | D:5      | Reached skill level 5 in Dodging
  4310 | D:5      | Noticed an ice beast
  4334 | D:5      | Noticed Edmund
  4345 | D:5      | Noticed a black bear
  4523 | D:5      | Reached XP level 7. HP: 50/50 MP: 5/15
  4557 | D:5      | Noticed Sigmund
  4561 | D:5      | Gained mutation: Your mind is acute. (Int +2) [potion of
                  | mutation]
  4561 | D:5      | Gained mutation: You have sharp toenails. [potion of
                  | mutation]
  4567 | D:5      | Killed Sigmund
  4667 | D:5      | Reached skill level 5 in Stealth
  4823 | D:5      | Killed Edmund
  4824 | D:5      | Reached XP level 8. HP: 37/58 MP: 16/16
  5298 | D:6      | HP: 4/82 [orc warrior (2)]
  5302 | D:6      | Slain by a wight

Illustrated notes

Levels and vault maps discovered:
D:1:      kb_arrival_jail, layout_basic, chequers_ecumenical_altar_grove,
          nicolae_figureground_pulse
D:2:      wad_pebble_path, layout_loops_corners, serial_rivers,
          chequers_serial_rivers_micro_b, chequers_serial_rivers_room_b,
          chequers_serial_rivers_small_3, chequers_serial_rivers_small_3
D:3:      layout_basic, nicolae_overflow_hidden_temple,
          mainiacjoe_overflow_surrounded_room, corexii_corridor_pit,
          uniq_crazy_yiuf_cottage
D:4:      layout_basic, nemelex_diamond_rough_becter, serial_shops,
          nicolae_diamond_shop
D:5:      layout_loops_ring, nicolae_ossuary_entry_ruins, uniq_edmund,
          uniq_sigmund, uniq_eustachio
D:6:      layout_basic

Skill      XL: |  1  2  3  4  5  6  7  8 |
---------------+-------------------------+-----
Conjurations   | 2 3 |  3.7
Spellcasting   | 5 6 |  6.2
Invocations    | 1 2 3 4 |  4.0
Fighting       | 1 2 3 |  3.6
Short Blades   | 1 2 3 |  3.6
Long Blades    | 1 2 3 |  3.6
Axes           | 1 2 3 |  3.6
Maces & Flails | 1 2 3 |  3.6
Polearms       | 1 2 3 |  3.6
Staves         | 1 2 3 |  3.6
Slings         | 1 2 3 |  3.6
Bows           | 1 2 3 |  3.6
Crossbows      | 1 2 3 |  3.6
Throwing       | 1 2 3 |  3.6
Armour         | 1 2 3 |  3.6
Shields        | 1 2 3 |  3.6
Unarmed Combat | 1 2 3 |  3.6
Evocations     | 1 2 3 |  3.6
Hexes          | 1 2 3 |  3.0
Summonings     | 1 2 3 |  3.0
Necromancy     | 1 2 3 |  3.0
Translocations | 1 2 3 |  3.0
Transmutations | 1 2 3 |  3.0
Ice Magic      | 1 2 3 |  3.0
Air Magic      | 1 2 3 |  3.0
Earth Magic    | 1 2 3 |  3.0
Poison Magic   | 1 2 3 |  3.0
Dodging        | 5 |  5.9
Stealth        | 5 |  5.6
Fire Magic     | 6 |  6.2

Action                   |  1- 3 |  4- 6 |  7- 9 || total
-------------------------+-------+-------+-------++-------
Melee: Dagger            |    12 |    33 |     3 ||    48
       Bite              |     1 |       |     4 ||     5
       Scythe            |       |       |    39 ||    39
       Kick              |       |       |    12 ||    12
 Fire: Hand crossbow     |       |       |     2 ||     2
 Cast: Foxfire           |    33 |    33 |     9 ||    75
       Scorch            |     7 |    51 |    22 ||    80
  Use: Scroll            |       |     8 |     4 ||    12
       Potion            |       |     1 |     4 ||     5
 Stab: Sleeping          |       |       |     1 ||     1
Armor: Robe              |     9 |     1 |       ||    10
       Leather armour    |       |     7 |       ||     7
       Ring mail         |       |    19 |    31 ||    50
       Skin              |       |       |    15 ||    15
Dodge: Dodged            |    21 |    41 |    30 ||    92

Table legend: (Time is in decaauts)
 A = Elapsed time spent in this place.
 B = Non-inter-level travel time spent in this place.
 C = Inter-level travel time spent in this place.
 D = Time resting spent in this place.
 E = Time spent auto-exploring this place.
 F = Levels seen in this place.
 G = Mean time per level.
                   A        B        C        D        E       F      G
               +--------+--------+--------+--------+--------+-----+--------+
         Total |   5320 |   5109 |    211 |    166 |   3806 |   6 |  886.7 |
       Dungeon |   5320 |   5109 |    211 |    166 |   3806 |   6 |  886.7 |
               +--------+--------+--------+--------+--------+-----+--------+

Top non-repeatable levels by time:
     D:2: 1249 daAuts
     D:4: 1130 daAuts
     D:1: 1129 daAuts
     D:5: 931 daAuts
     D:3: 730 daAuts
     D:6: 149 daAuts
